 Dungeon Crawl Stone Soup version 0.20.0-15-g7f486f2 (webtiles) character file.

221 Gorglomux the Skirmisher (level 5, -1/61 HPs)
             Began as an Ogre Enchanter on June 11, 2017.
             Slain by an orc wizard
             ... wielding a +0 dagger
              (2 damage)
             ... on level 4 of the Dungeon.
             The game lasted 00:04:04 (4694 turns).

Gorglomux the Skirmisher (Ogre Enchanter)           Turns: 4694, Time: 00:04:05

Health: -1/61      AC:  3    Str: 13    XL:     5   Next: 98%
Magic:  8/8        EV: 15    Int: 21    God:
Gold:   135        SH:  0    Dex: 14    Spells: 7/8 levels left

rFire    . . .     SeeInvis .   I - +0 whip (elec)
rCold    . . .     Gourm    .   (no shield)
rNeg     . . .     Faith    .   b - +0 robe
rPois    .         Spirit   .   (helmet restricted)
rElec    .         Reflect  .   (no cloak)
rCorr    .         Harm     .   (gloves unavailable)
MR       .....                  (boots unavailable)
Stlth    +++.......             (no amulet)
Regen    0.2/turn               (no ring)
MPRegen  0.2/turn               (no ring)

@: brilliant, agile, slowed, very slow
A: unfitting armour, tough skin 1
a: no special abilities


You were on level 4 of the Dungeon.
You were not hungry.

You visited 1 branch of the dungeon, and saw 4 of its levels.

You collected 135 gold pieces.

Inventory:

Hand Weapons
 a - a +1 dagger
 F - a +0 spear
 I - a +0 whip of electrocution (weapon)
Missiles
 D - 5 tomahawks of dispersal (quivered)
 G - 4 large rocks
Armour
 b - a +0 robe (worn)
Scrolls
 i - a scroll of recharging {unknown}
 j - a scroll of random uselessness {unknown}
 k - 3 scrolls of identify {unknown}
 A - 3 scrolls of remove curse {unknown}
 J - a scroll of immolation {unknown}
 K - a scroll of magic mapping {unknown}
Potions
 g - 3 potions of brilliance
 H - a potion of lignification {unknown}
Books
 c - a book of Maledictions

   Spells                             Type                      Level
   a - Corona                         Hexes                        1
   b - Ensorcelled Hibernation        Hexes/Ice                    2
   c - Confuse                        Hexes                        3
   d - Tukima's Dance                 Hexes                        3
   e - Dazzling Spray                 Conjuration/Hexes            3
Comestibles
 d - a bread ration
 z - a meat ration
 L - 4 chunks of flesh


   Skills:
 + Level 6.7 Fighting
 - Level 0.6 Short Blades
 + Level 1.8 Polearms
 - Level 1.7 Dodging
 - Level 2.1 Stealth
 - Level 2.4 Spellcasting
 - Level 2.6 Hexes


You had 7 spell levels left.
You knew the following spells:

 Your Spells              Type           Power        Failure   Level  Hunger
a - Corona                Hex            ####...      1%          1    None


Dungeon Overview and Level Annotations

Branches:
Dungeon (4/15)
 Temple: D:4-7

Altars:

Annotations:
D:4 Ashar's ghost, amateur DsFi


Innate Abilities, Weirdness & Mutations

You are too large for most types of armour.
You have tough skin. (AC +1)


Message History

You hit the orc wizard but do no damage.
The orc wizard is moderately wounded.
The orc wizard hits you with a dagger.
* * * LOW HITPOINT WARNING * * *
The orc wizard hits you but does no damage.
You hit the orc wizard.
The orc wizard is severely wounded.
The orc wizard points at you and mumbles some strange words.
You feel yourself slow down. The orc wizard hits you with a dagger.
* * * LOW HITPOINT WARNING * * *
You hit the orc wizard.
The orc wizard is severely wounded.
The orc wizard hits you with a dagger.
* * * LOW HITPOINT WARNING * * *
The orc wizard gestures at you while chanting.
You resist with some effort.
It was a potion of agility.
You feel agile all of a sudden. The orc wizard hits you with a dagger.
You die...

#..#..# #.##..#
#.##..########
#.##.........#
#.##.........#
##............####### ##
##.............##....# ..#
#..............##o...#...#
#..............@oo...'...+
#........########....#...#
#........# #....# ###
########## #....# ######


You could see an orc wizard and 2 orcs.

Vanquished Creatures
  An orc priest (D:4)
  An iguana (D:4)
  A hound skeleton (D:4)
  9 adders
  A worm (D:3)
  2 dart slugs (D:2)
  3 leopard geckos
  5 orcs
  5 giant cockroaches
  11 goblins
  5 hobgoblins
  3 kobolds
  2 quokkas
  A ball python (D:2)
  7 bats
  A frilled lizard (D:1)
  3 rats
61 creatures vanquished.

Notes
Turn   | Place    | Note
-------+----------+-------------------------------------------
     0 | D:1      | Gorglomux the Ogre Enchanter began the quest for the Orb.
     0 | D:1      | Reached XP level 1. HP: 16/16 MP: 3/3
    25 | D:1      | Reached skill level 1 in Fighting
   276 | D:1      | Reached skill level 2 in Fighting
   276 | D:1      | Reached XP level 2. HP: 22/28 MP: 1/5
   821 | D:2      | Reached skill level 3 in Fighting
   824 | D:2      | Reached XP level 3. HP: 20/37 MP: 6/6
  1271 | D:2      | Reached skill level 4 in Fighting
  1601 | D:2      | Reached XP level 4. HP: 31/49 MP: 4/7
  2084 | D:3      | Reached skill level 5 in Fighting
  3035 | D:3      | Reached XP level 5. HP: 41/59 MP: 8/8
  3319 | D:3      | Reached skill level 6 in Fighting
  4126 | D:4      | Noticed Ashar's ghost (amateur DsFi)
  4486 | D:4      | Reached skill level 1 in Polearms
  4693 | D:4      | HP: 1/61 [orc wizard/dagger (4)]
  4694 | D:4      | Slain by an orc wizard

Skill      XL: |  1  2  3  4  5 |
---------------+----------------+-----
Fighting       | 2 3 4 5 6 |  6.7
Polearms       | 1 |  1.8
Short Blades   | |  0.6
Dodging        | |  1.7
Stealth        | |  2.1
Spellcasting   | |  2.4
Hexes          | |  2.6

Action                   |  1- 3 |  4- 6 || total
-------------------------+-------+-------++-------
Melee: Dagger            |   106 |    92 ||   198
       Spear             |       |    82 ||    82
       Whip              |       |    46 ||    46
 Cast: Corona            |    23 |    30 ||    53
  Use: Potion            |       |     4 ||     4
 Stab: Sleeping          |       |     1 ||     1
  Eat: Chunk             |     2 |     7 ||     9
       Bread ration      |       |     1 ||     1
Armor: Robe              |    35 |    67 ||   102
Dodge: Dodged            |    61 |   125 ||   186
